 Dungeon Crawl Stone Soup version 0.30.0-29-ga12c61a403 (webtiles) character file.

Game seed: 10744107639364320486

743 cheesebisquit the Purveyor of Pain (level 7, -2/57 HPs)
             Began as a Ghoul Necromancer on June 6, 2023.
             Was an Initiate of Kikubaaqudgha.
             Slain by a gnoll
             ... wielding a +0 halberd
             ... led by a gnoll bouda
              (13 damage)
             ... on level 5 of the Dungeon.
             The game lasted 00:15:57 (4636 turns).

cheesebisquit the Purveyor of Pain (GhNe)           Turns: 4636, Time: 00:15:57

Health: -2/57      AC:  7    Str:  9 (12) XL:     7   Next: 76%
Magic:  0/9        EV: 15    Int: 11 (12) God:    Kikubaaqudgha [......]
Gold:   286        SH:  0    Dex:  7 (9)  Spells: 2/10 levels left

rFire   . . .        h - +0 hand axe
rCold   + . .        (no shield)
rNeg    + + +        e - +0 ring mail
rPois   ∞            a - +0 helmet
rElec   .            (no cloak)
rCorr   .            (no gloves)
SInv    .            r - +0 pair of boots
Will    .....        (no amulet)
Stlth   +            d - +5 ring of evasion
HPRegen 0.00/turn    (no ring)
MPRegen 0.11/turn

%: no passive effects
@: inhibited regen
A: claws 1, cold resistance 1, negative energy resistance 3, inhibited
regeneration, torment resistance 2, devour on kill
a: Renounce Religion


You were on level 5 of the Dungeon.
You worshipped Kikubaaqudgha.
Kikubaaqudgha was noncommittal.
You visited 1 branch of the dungeon, and saw 5 of its levels.

You collected 286 gold pieces.

Inventory:

Hand Weapons
 g - the +4 flail "Jullest" {flame, Will+ Dex+4}
   (You found it on level 2 of the Dungeon)

   Dex:       It affects your dexterity (+4).
   Will:      It increases your willpower.
 h - a +0 hand axe (weapon)
Missiles
 t - 5 boomerangs of dispersal
Armour
 a - a +0 helmet (worn)
 e - a +0 ring mail (worn)
 r - a +0 pair of boots (worn)
Jewellery
 d - a +5 ring of evasion (left claw)
Scrolls
 c - a scroll of noise {unknown}
 f - 6 scrolls of identify {unknown}
 i - a scroll of fog {unknown}
 j - 2 scrolls of teleportation {unknown}
 m - a scroll of enchant armour {unknown}
 p - a scroll of brand weapon {unknown}
 q - a scroll of enchant weapon {unknown}
 s - a scroll of magic mapping {unknown}
Potions
 k - a potion of degeneration
 l - a potion of flight {unknown}
 n - a potion of curing
 o - 2 potions of lignification
 u - a potion of ambrosia {unknown}


   Skills:
 + Level 3.4 Fighting
 * Level 3.9 Axes
 + Level 2.8 Armour
 + Level 3.5 Dodging
 - Level 4.0 Stealth
 - Level 2.0 Spellcasting
 + Level 4.4 Necromancy


You had 2 spell levels left.
You knew the following spells:

 Your Spells              Type           Power      Damage    Failure   Level
a - Necrotise             Necr           40%        1d6       13%         1
b - Vampiric Draining     Necr           10%        2d6       36%         3
c - Animate Dead          Necr           10%        N/A       78%         4

Your spell library contained the following spells:

 Spells                   Type           Power      Damage    Failure   Level
 Apportation              Tloc           2%         N/A       61%         1
 Summon Small Mammal      Summ           4%         N/A       61%         1
 Call Canine Familiar     Summ           1%         N/A       93%         3
 Summon Guardian Golem    Hex/Summ       1%         N/A       93%         3
 Agony                    Necr           10%        N/A       98%         5


Dungeon Overview and Level Annotations

Branches:
Dungeon (5/15)
 Temple: D:4-7

Altars:
Kikubaaqudgha
Makhleb
Qazlal
Uskayaw


Innate Abilities, Weirdness & Mutations

You are immune to poison.
You have sharp fingernails.
Your flesh is cold resistant. (rC+)
You are immune to negative energy. (rN+++)
You do not regenerate when monsters are visible.
You are immune to unholy pain and torment.
You thrive by killing the living.


Message History

You completely miss the gnoll.
The gnoll is lightly wounded.
The gnoll misses you. The gnoll closely misses you.
The gnoll hits you but does no damage. The gnoll barely misses you.
Aiming: Necrotise (safe; 10% risk of failure)
Press: ? - help, Q - select action, (/) - cycle Shift-Dir - straight line, f - gnoll
Aim: a gnoll, wielding a +0 whip (lightly wounded, chance to affect: 73%)
The gnoll writhes in agony.
The gnoll hits you with a +0 whip.
The gnoll hits you from afar with a +0 halberd.
You hit the gnoll.
The gnoll is severely wounded.
The gnoll barely misses you. The gnoll misses you.
You hit the gnoll.
You kill the gnoll!
Kikubaaqudgha accepts your kill. The gnoll closely misses you.
Your magical contamination has completely faded away.
Aiming: Necrotise (safe; 10% risk of failure)
Press: ? - help, Q - select action, (/) - cycle Shift-Dir - straight line, f - gnoll
Aim: a gnoll, wielding a +0 halberd (chance to affect: 73%)
The gnoll struggles to resist.
The gnoll closely misses you. The gnoll hits you with a +0 halberd.
* * * LOW HITPOINT WARNING * * *
Items here: $ ))) [ ††.
You hit the gnoll but do no damage. The gnoll hits you with a +0 halberd!
* * * LOW HITPOINT WARNING * * *
It was a potion of curing.
You feel better. The gnoll hits you with a +0 halberd!
* * * LOW HITPOINT WARNING * * *
It was a potion of lignification.
You feel woody for a moment. The gnoll barely misses you.
It was a potion of degeneration.
There was something very wrong with that liquid.
You feel weakened.
You feel dopey.
You feel clumsy. The gnoll barely misses you.
You feel better. The gnoll hits you with a +0 halberd!
You die...
Kikubaaqudgha rasps: "You have failed me!
Welcome... oblivion!"

#.# #.# #.# ### #.#
##.###.# ##.#.##.#
##.###.#.#########.
#.## ##....@g......
##.###.#.##########
###.#............
######........<.#
.......#........#
.#######.)###...#
#.## #...# #.#
#..... #.# ##..##..


You could see a gnoll.

Vanquished Creatures
  Sigmund (D:4)
  A black bear (D:5)
  2 scorpions (D:4)
  An orc priest (D:4)
  4 sleepcaps (D:4)
  A gnoll bouda (D:5)
  Ijyb (D:3)
  An iguana (D:4)
  An orc wizard (D:3)
  2 gnolls (D:5)
  4 adders
  A worm (D:2)
  5 dart slugs
  6 orcs
  8 bats
  4 endoplasms
  6 giant cockroaches
  5 goblins
  6 hobgoblins
  2 jackals (D:2)
  2 quokkas
  9 ball pythons
  7 kobolds
  8 rats
88 creatures vanquished.

Vanquished Creatures (collateral kills)
  A quokka (D:1)
  A ball python (D:4)
  A kobold (D:4)
3 creatures vanquished.

Grand Total: 91 creatures vanquished

Notes
Turn   | Place    | Note
-------+----------+-------------------------------------------
     0 | D:1      | cheesebisquit the Ghoul Necromancer began the quest for the
                  | Orb.
     0 | D:1      | Reached XP level 1. HP: 14/14 MP: 2/2
   254 | D:1      | Reached XP level 2. HP: 22/22 MP: 0/3
   462 | D:1      | Reached skill level 1 in Fighting
   942 | D:1      | Reached XP level 3. HP: 26/28 MP: 0/4
  1111 | D:1      | Reached skill level 1 in Armour
  1234 | D:2      | Identified the +4 flail "Jullest" {flame, Will+ Dex+4}
  1974 | D:3      | Reached XP level 4. HP: 35/35 MP: 1/5
  1990 | D:3      | Reached skill level 1 in Axes
  2088 | D:3      | Noticed Ijyb
  2131 | D:3      | Killed Ijyb
  2132 | D:3      | Reached XP level 5. HP: 9/41 MP: 1/6
  2626 | D:3      | Found a faded altar of an unknown god.
  3056 | D:3      | Found an ancient bone altar of Kikubaaqudgha.
  3067 | D:3      | Found a burning altar of Makhleb.
  3072 | D:3      | Found a hide-covered altar of Uskayaw.
  3084 | D:3      | Became a worshipper of Kikubaaqudgha
  3242 | D:4      | Noticed Sigmund
  3257 | D:4      | Killed Sigmund
  3258 | D:4      | Reached XP level 6. HP: 45/50 MP: 0/7
  3555 | D:4      | Learned a level 3 spell: Vampiric Draining
  3560 | D:4      | Learned a level 4 spell: Animate Dead
  3587 | D:4      | Reached XP level 7. HP: 56/56 MP: 2/8
  3961 | D:4      | Found a stormy altar of Qazlal.
  3964 | D:4      | Noticed an air elemental
  3965 | D:4      | Noticed a water elemental
  3965 | D:4      | Noticed a fire elemental
  4364 | D:5      | Entered Level 5 of the Dungeon
  4636 | D:5      | Slain by a gnoll

Illustrated notes

Levels and vault maps discovered:
D:1:      onia_arrival_pyramid, layout_loops_ring, kennysheep_flooded_box,
          nicolae_figureground_sparkle
D:2:      layout_basic
D:3:      layout_rooms, minmay_overflow_temple_star_quad,
          chequers_ecumenical_altar_grove, portal_sewer_entry_f, uniq_ijyb
D:4:      cheibrodos_old_hovel, layout_basic, nicolae_qazlal_style_of_elements,
          marbit_many_paths, chequers_serial_rivers_small_3,
          hangedman_decor_riveting, hellmonk_no_cap, uniq_sigmund
D:5:      layout_loops_ring, mainiacjoe_overflow_concentric_impassable,
          uniq_crazy_yiuf_cottage

Skill      XL: |  1  2  3  4  5  6  7 |
---------------+----------------------+-----
Dodging        | 2 3 |  3.5
Fighting       | 1 2 3 |  3.4
Armour         | 1 2 |  2.8
Stealth        | 3 4 |  4.0
Axes           | 1 2 3 |  3.9
Spellcasting   | 2 |  2.0
Necromancy     | |  4.4

Action                     |  1- 3 |  4- 6 |  7- 9 || total
---------------------------+-------+-------+-------++-------
  Melee: Unarmed           |    16 |       |       ||    16
         Dagger            |    19 |       |       ||    19
         Hand axe          |    91 |   101 |   106 ||   298
         Punch             |     1 |     2 |     1 ||     4
   Cast: Necrotise         |    32 |    70 |    52 ||   154
    Use: Potion            |       |     1 |     5 ||     6
 Armour: Robe              |     2 |       |       ||     2
         Ring mail         |    34 |    26 |    34 ||    94
  Dodge: Dodged            |   104 |    97 |   138 ||   339
